AoeStats
← Slicked Back Not Pushed

Highland

504668104Analyzed
2v2 RM · 27d ago on Sep 6, 2026· 59m 26s· 4 players
Game mode
Random Map
Map size
Medium (4 player)
Population
200
Speed
Normal
Resources
Standard
Victory
Conquest
Starting age
Dark Age
Ending age
Imperial Age
RankedLock teamsTeams togetherTeam positionsShared explorationLock speedFull tech treeHidden civsTurbo modeCheats
Victory
Defeat
🇺🇸 Burmese · United States
1265
+16
🇺🇸 Portuguese · United States
1245
+16
🇨🇦 Slavs · Canada
1264
-16
🇨🇦 Malians · Canada
1246
-16
twitch.tv/aceinspace93
7:27 Loom
9:50 Feudal Age
10:49 Double-Bit Axe
17:59 Bloodlines
23:20 Castle Age
22:36 Gold Mining
24:00 Scale Mail Armor
25:29 Chain Mail Armor
25:41 Forging
26:22 Wheelbarrow
26:29 Scale Barding Armor
27:21 Hand Cart
29:58 Sanctity
30:21 Fletching
34:08 Bodkin Arrow
37:59 Iron Casting
43:53 Imperial Age
42:49 Chain Barding Armor
45:00 Bow Saw
46:06 Blast Furnace
47:14 Cavalier
Slicked Back Not Pushed
9:12 Loom
11:14 Feudal Age
16:18 Castle Age
15:21 Gold Mining
15:24 Double-Bit Axe
15:19 Horse Collar
18:26 Fletching
18:00 Crossbowman
19:03 Bodkin Arrow
19:19 Padded Archer Armor
21:54 Bow Saw
24:08 Heavy Plow
25:36 Wheelbarrow
27:03 Leather Archer Armor
29:03 Thumb Ring
29:05 Scale Barding Armor
29:22 Ballistics
32:41 Gold Mining
32:47 Town Watch
38:01 Imperial Age
38:10 Arbalester
40:22 Chemistry
40:46 Ring Archer Armor
42:28 Hand Cart
42:42 Bloodlines
42:34 Husbandry
41:55 Heavy Camel Rider
44:53 Farimba
45:20 Conscription
46:21 Scale Barding Armor
46:27 Forging
47:53 Chain Barding Armor
52:15 Iron Casting
60:02 Plate Barding Armor
58:53 Light Cavalry
Cheario
11:55 Feudal Age
10:29 Loom
12:26 Double-Bit Axe
16:46 Castle Age
16:17 Forging
16:25 Gold Mining
16:26 Stone Mining
17:59 Bow Saw
19:49 Wheelbarrow
20:04 Horse Collar
21:47 Stone Shaft Mining
21:23 Heavy Plow
22:18 Pikeman
25:20 Hand Cart
27:17 Iron Casting
26:25 Fishing Lines
27:08 Town Watch
28:52 Scale Mail Armor
29:07 Gillnets
29:45 Fletching
33:34 Imperial Age
32:26 Ballistics
31:48 Treadmill Crane
32:28 Bloodlines
32:18 Husbandry
35:22 Chemistry
35:07 Conscription
34:46 Light Cavalry
35:59 Bodkin Arrow
35:55 Cavalier
36:54 Chain Mail Armor
37:39 Blast Furnace
38:57 Blast Furnace
38:27 Plate Mail Armor
38:44 Scale Barding Armor
39:21 Siege Engineers
39:38 Bracer
39:38 Padded Archer Armor
41:05 Theocracy
40:47 Block Printing
41:14 Chain Barding Armor
42:42 Two-Man Saw
42:37 Elite Organ Gun
45:08 Plate Barding Armor
45:24 Crop Rotation
44:22 Halberdier
48:01 Masonry
50:29 Circumnavigation
50:52 Arquebus
52:21 Leather Archer Armor
53:18 Town Patrol
54:08 Arson
56:33 Ring Archer Armor
59:18 Architecture
Mordon327
9:30 Loom
11:50 Feudal Age
13:43 Wheelbarrow
12:39 Man-at-Arms
19:18 Castle Age
20:05 Gold Mining
21:45 Scale Barding Armor
22:09 Forging
22:37 Gold Shaft Mining
24:52 Bloodlines
26:19 Husbandry
29:03 Hand Cart
29:46 Light Cavalry
30:50 Stone Mining
34:26 Chain Barding Armor
34:55 Town Watch
35:18 Horse Collar
38:14 Imperial Age
37:34 Heavy Plow
40:10 Conscription
39:50 Hussar
40:41 Cavalier
45:53 Manipur Cavalry
49:18 Pikeman
49:59 Squires
49:45 Halberdier
52:55 Iron Casting
52:21 Scale Mail Armor
52:57 Plate Barding Armor
52:56 Gambesons
54:16 Crop Rotation
53:30 Treadmill Crane
54:52 Chemistry
54:14 Ballistics
54:04 Masonry
55:03 Blast Furnace
56:56 Arson
57:42 Chain Mail Armor
57:18 Fletching
59:26 Architecture
Connection lost

Rejoining the realm…

Still unreachable

The connection could not be restored.

Session expired

The server has moved on; the page needs a fresh start.